 Dungeon Crawl Stone Soup version 0.19-a0-719-gcc390b8 (webtiles) character file.

4672 Etesian the Basher (level 10, -10/86 HPs)
             Began as a Centaur Fighter on June 20, 2016.
             Was a Priest of Okawaru.
             Mangled by a hill giant
             ... wielding a +0 giant club
              (13 damage)
             ... on level 10 of the Dungeon.
             The game lasted 00:22:32 (9674 turns).

Etesian the Basher (Centaur Fighter)                Turns: 9674, Time: 00:22:33

Health: -10/86     AC: 17    Str: 21    XL:     10   Next: 21%
Magic:  10/10      EV: -2    Int:  7    God:    Okawaru [***...]
Gold:   441        SH: 10    Dex: 10    Spells: 3 memorised, 3 levels left

rFire  . . .     SeeInvis .     i - +2 whip (venom)
rCold  . . .     Gourm    .     n - +0 plate armour
rNeg   . . .     Faith    .     c - +0 shield
rPois  +         Spirit   .     o - +2 helmet
rElec  .         Dismiss  .     q - +2 cloak
rCorr  .         Reflect  .     (no gloves)
SustAt +         Harm     .     (no barding)
MR     .....                    (no amulet)
Stlth  ..........               F - ring of sustain attributes
                                v - ring of poison resistance

@: very quick, not resistant to hostile enchantments, extremely unstealthy
A: hooves 3, deformed body, speed 2, tough skin 3
a: Heroism, Renounce Religion


You were on level 10 of the Dungeon.
You worshipped Okawaru.
Okawaru was most pleased with you.
You were not hungry.

You visited 2 branches of the dungeon, and saw 11 of its levels.

You collected 441 gold pieces.

Inventory:

Hand Weapons
 i - a +2 whip of venom (weapon)
 t - a +0 morningstar
Missiles
 b - 6 javelins of penetration (quivered)
 e - 19 bolts
Armour
 c - a +0 shield (worn)
 n - a +0 plate armour (worn)
 o - a +2 helmet (worn)
 q - a +2 cloak (worn)
Jewellery
 v - a ring of poison resistance (left hand)
 z - an uncursed amulet of the gourmand {unknown}
 E - an uncursed amulet of harm {unknown}
 F - a ring of sustain attributes (right hand)
Wands
 x - a wand of flame (28/48)
 B - a wand of flame (18/48)
 D - a wand of lightning (8/15)
 G - a wand of digging (6/24)
Scrolls
 a - 5 scrolls of remove curse
 w - 3 scrolls of magic mapping
 y - a scroll of recharging
Potions
 d - 3 potions of might
 g - 3 potions of flight {unknown}
 h - 5 potions of curing
 j - 2 potions of heal wounds
 m - 5 potions of lignification
 p - 2 potions of brilliance {unknown}
 s - a potion of mutation {unknown}
 u - 2 potions of haste {unknown}
Comestibles
 f - 9 bread rations
 l - 3 beef jerkies
 r - a slice of pizza
 A - 4 fruits
 C - 4 chunks of flesh
 H - a meat ration


   Skills:
 + Level 7.2 Fighting
 * Level 9.0 Maces & Flails
 + Level 5.6 Armour
 + Level 5.6 Shields


You had 3 spell levels left.
You knew the following spells:

 Your Spells              Type           Power        Failure   Level  Hunger
a - Blink                 Tloc           N/A          100%        2    ###....
b - Slow                  Hex            #.......     100%        2    ###....
j - Repel Missiles        Chrm/Air       #.....       100%        2    ###....


Dungeon Overview and Level Annotations

Branches:
Dungeon (10/15)            Temple (1/1) D:5            Lair (0/6) D:9
    Orc (0/2) D:10

Altars:
Ashenzari
Cheibriados
Dithmenos
Elyvilon
Fedhas
Gozag
Hepliaklqana
Kikubaaqudgha
Makhleb
Nemelex Xobeh
Okawaru
Pakellas
Qazlal
Ru
Sif Muna
Trog
Uskayaw
Vehumet
Xom
Yredelemnul
Zin
The Shining One

Annotations:
D:5 exclusion: downstairs
D:6 Mulkerokala's ghost, novice DsIE
D:8 Laan's ghost, novice DEFE


Innate Abilities, Weirdness & Mutations

You have hooves in place of feet.
Armour fits poorly on your strangely shaped body.
You cover ground very quickly.
You have extremely tough skin. (AC +3)


Message History

The hill giant looks as sick as possible!
Your kick misses the hill giant.
The hill giant is heavily wounded.
The hill giant hits you with a giant club!!
You take 17 damage, and have 36/86 hp.
There is a stone staircase leading up here.
Your plate armour prevents you from hitting the hill giant.
The hill giant is heavily wounded.
The hill giant hits you with a giant club!
* * * LOW HITPOINT WARNING * * *
You take 11 damage, and have 25/86 hp.
Found a stone staircase leading up.
You start resting.
There is a stone staircase leading up here.
The hill giant hits you with a giant club!!
* * * LOW HITPOINT WARNING * * *
There is a stone staircase leading up, spattered with blood here.
You take 24 damage, and have 3/86 hp.
MASSIVE DAMAGE!!
The hill giant hits you with a giant club!
You die...

##.....# ###......#
#..##### ###Z#### #.##
#...# #'#####
###'######### ......#
###....)..C...#
......###.'.#########.+
......'.>.#.......#...#
......#####.#######.#.#
......# #.#...@C..#.#
......# #############
......# #######


You could see a hill giant.

Vanquished Creatures
  Joseph (D:9)
  A centaur skeleton (D:7)
  A troll (D:10)
  Grinder (D:6)
  A spriggan (D:8)
  A wyvern (D:8)
  2 hungry ghosts (D:8)
  A warg (D:10)
  A water moccasin (D:9)
  3 phantoms
  2 orc warriors
  A black bear (D:8)
  5 centaurs
  A giant frog (D:6)
  A big kobold (D:6)
  A scorpion (D:5)
  A wyvern skeleton (D:10)
  A vampire bat (D:4)
  2 crimson imps
  Crazy Yiuf (D:2)
  2 centaur zombies
  6 hounds
  7 orc priests
  A jelly (D:10)
  3 giant frog skeletons
  Jessica (D:3)
  Terence (D:3)
  9 orc wizards
  3 worker ants
  A hound skeleton (D:4)
  Robin (D:2)
  A gnoll (D:5)
  A worker ant zombie (D:7)
  5 adders
  An ooze (D:1)
  An adder zombie (D:9)
  3 worms
  An adder skeleton (D:4)
  2 dart slugs
  3 fire bats (D:4)
  4 giant geckos
  31 orcs
  2 spectral bats (D:4)
  3 bat skeletons (D:4)
  A bat zombie (D:4)
  7 giant cockroaches
  20 goblins
  6 hobgoblins
  18 jackals
  7 quokkas
  A ball python (D:2)
  14 bats
  A bat simulacrum (D:4)
  2 giant newts
  A jackal zombie (D:7)
  12 kobolds
  7 rats
219 creatures vanquished.

Notes
Turn   | Place    | Note
--------------------------------------------------------------
     0 | D:1      | Etesian the Centaur Fighter began the quest for the Orb.
     0 | D:1      | Reached XP level 1. HP: 19/19 MP: 1/1
   153 | D:1      | Reached skill level 2 in Maces & Flails
   253 | D:1      | Reached XP level 2. HP: 26/26 MP: 2/2
   963 | D:1      | Reached XP level 3. HP: 31/31 MP: 3/3
  1579 | D:2      | Noticed Robin
  1587 | D:2      | Reached XP level 4. HP: 38/38 MP: 4/4
  1608 | D:2      | Killed Robin
  1801 | D:2      | Reached skill level 3 in Maces & Flails
  1983 | D:2      | Noticed Crazy Yiuf
  1999 | D:2      | Killed Crazy Yiuf
  2133 | D:2      | Reached XP level 5. HP: 35/45 MP: 5/5
  2475 | D:3      | Noticed Terence
  2486 | D:3      | Killed Terence
  2730 | D:3      | Noticed Jessica
  2744 | D:3      | Killed Jessica
  2768 | D:3      | Reached XP level 6. HP: 51/52 MP: 6/6
  2973 | D:4      | Found a basalt altar of Yredelemnul.
  2985 | D:4      | Found a blossoming altar of Fedhas.
  3018 | D:4      | Reached skill level 4 in Maces & Flails
  3025 | D:4      | Found a glowing golden altar of the Shining One.
  3065 | D:4      | Found a hide-covered altar of Uskayaw.
  3250 | D:4      | Found a shimmering altar of Xom.
  3450 | D:4      | Reached XP level 7. HP: 59/59 MP: 7/7
  3969 | D:5      | Entered Level 5 of the Dungeon
  4044 | D:5      | Found a staircase to the Ecumenical Temple.
  4071 | D:5      | Reached skill level 5 in Maces & Flails
  4125 | Temple   | Entered the Ecumenical Temple
  4185 | Temple   | Became a worshipper of Warmaster Okawaru
  4640 | D:6      | Noticed Grinder
  4662 | D:6      | Killed Grinder
  4662 | D:6      | Reached XP level 8. HP: 32/67 MP: 8/8
  4856 | D:6      | Reached skill level 5 in Fighting
  4972 | D:6      | Noticed Mulkerokala's ghost (novice DsIE)
  5217 | D:6      | Found a basalt altar of Yredelemnul.
  5236 | D:6      | Found a white marble altar of Elyvilon.
  5248 | D:6      | Reached skill level 6 in Maces & Flails
  5474 | D:6      | Reached * piety under Okawaru
  6178 | D:7      | Reached ** piety under Okawaru
  6178 | D:7      | Reached skill level 7 in Maces & Flails
  6178 | D:7      | Reached XP level 9. HP: 71/75 MP: 9/9
  6629 | D:8      | Noticed Laan's ghost (novice DEFE)
  7110 | D:8      | Reached skill level 5 in Shields
  7412 | D:8      | Reached skill level 5 in Armour
  7975 | D:9      | Reached skill level 8 in Maces & Flails
  8149 | D:9      | Noticed Joseph
  8196 | D:9      | Killed Joseph
  8196 | D:9      | Reached *** piety under Okawaru
  8360 | D:9      | Found a staircase to the Lair.
  8389 | D:9      | Learned a level 2 spell: Blink
  8392 | D:9      | Learned a level 2 spell: Slow
  8397 | D:9      | Learned a level 2 spell: Repel Missiles
  8831 | D:10     | Entered Level 10 of the Dungeon
  8858 | D:10     | Noticed a troll
  8882 | D:10     | Killed a troll
  8882 | D:10     | Reached XP level 10. HP: 41/84 MP: 10/10
  9143 | D:10     | Found a staircase to the Orcish Mines.
  9300 | D:10     | Reached skill level 9 in Maces & Flails
  9301 | D:10     | Noticed a hill giant
  9673 | D:10     | HP: 3/86 [hill giant/giant club (24)]
  9674 | D:10     | Mangled by a hill giant

Vault maps used:
D:1:      dpeg_arrival_subterranean_lakeside_camping, st_stairs_9,
          minmay_liquid_box
D:2:      st_stairs_5, uniq_robin, uniq_crazy_yiuf_cottage
D:3:      first_bread, uniq_jessica, uniq_terence
D:4:      nicolae_overflow_quartered_altars, kennysheep_little_box,
          goddamned_bats
D:5:      abandoned_shop
D:6:      elyvilon_altar_5, yredelemnul_altar_generic, uniq_grinder
D:8:      the_bakery
D:9:      dpeg_oklobed_lair, minmay_misc_feat_iff, uniq_joseph
D:10:     david_orc_3
Temple:   nicolae_temple_x_marks_the_god

Skill      XL: |  1  2  3  4  5  6  7  8  9 10 |
---------------+-------------------------------+-----
Maces & Flails | 2 3 4 5 7 8 9 |  9.0
Shields        | 3 4 5 |  5.6
Armour         | 3 4 5 |  5.6
Fighting       | 4 5 6 7 |  7.2

Action                   |  1- 3 |  4- 6 |  7- 9 | 10-12 || total
-------------------------+-------+-------+-------+-------++-------
Melee: Flail             |    41 |       |       |       ||    41
       Kick              |    17 |    65 |   153 |    45 ||   280
       Whip              |    70 |   276 |   530 |    96 ||   972
  Use: Scroll            |     1 |     4 |     7 |     1 ||    13
       Potion            |     1 |       |       |       ||     1
  Eat: Chunk             |     1 |     6 |    22 |     3 ||    32
       Meat ration       |       |       |     1 |       ||     1
       Royal jelly       |       |       |     1 |       ||     1
Armor: Scale mail        |    82 |    40 |       |       ||   122
       Plate armour      |       |   152 |   286 |    29 ||   467
Dodge: Dodged            |    31 |    25 |    42 |     6 ||   104
Block: Shield            |    42 |   151 |   192 |    30 ||   415
